 Dungeon Crawl Stone Soup version 0.31-a0-536-ga3e2962e35 (webtiles) character file.

Game seed: 7605124071555877173

5925 Gargoyl the Cleaver (level 10, -5/64 HPs)
             Began as a Gargoyle Berserker on Aug 13, 2023.
             Was an Elder of Trog.
             Slain by a skeletal warrior
             ... wielding a +0 scimitar
              (18 damage)
             ... on level 8 of the Dungeon.
             The game lasted 00:10:58 (8415 turns).

Gargoyl the Cleaver (Gargoyle Berserker)            Turns: 8415, Time: 00:10:59

Health: -5/64      AC: 25    Str: 21    XL:     10   Next: 83%
Magic:  10/10      EV:  7    Int:  8    God:    Trog [****..]
Gold:   698        SH:  0    Dex: 13    Spells: 9/9 levels left

rFire   . . .        a - +1 hand axe (freeze)
rCold   . . .        (no shield)
rNeg    + . .        k - +1 plate armour
rPois   ∞            (no helmet)
rElec   +            (no cloak)
rCorr   .            (no gloves)
SInv    .            d - +2 pair of boots
Will    ++...        c - amulet of the acrobat Stlth
                     j - ring of flight
HPRegen 1.30/turn    (no ring)
MPRegen 0.12/turn

%: acrobat
@: strong-willed, on berserk cooldown, flying, regenerating, slowed, very slow
A: sickness immunity, AC +7, negative energy resistance 1, electricity
resistance, torment resistance 1, petrification resistance
a: Renounce Religion, Berserk, Trog's Hand, Brothers in Arms


You were on level 8 of the Dungeon.
You worshipped Trog.
Trog was greatly pleased with you.
You visited 1 branch of the dungeon, and saw 9 of its levels.
You also visited: Sewer.

You collected 845 gold pieces.
You spent 147 gold pieces at shops.

Inventory:

Hand Weapons
 a - a +1 hand axe of freezing (weapon)
 f - a +3 hand axe
Missiles
 l - 9 poisoned darts (quivered)
Armour
 d - a +2 pair of boots (worn)
 k - a +1 plate armour (worn)
Jewellery
 c - an amulet of the acrobat (around neck)
 j - a ring of flight (left hand)
Scrolls
 e - 2 scrolls of revelation
 p - 3 scrolls of teleportation
Potions
 b - 2 potions of curing
 g - a potion of resistance
 h - 3 potions of mutation
 i - a potion of berserk rage
 m - a potion of invisibility
 n - a potion of ambrosia {unknown}
 r - a potion of enlightenment {unknown}
 s - a potion of brilliance {unknown}


   Skills:
 + Level 8.1 Fighting
 + Level 11.1 Axes
 + Level 8.7 Armour
 + Level 3.0 Dodging
 + Level 2.0 Stealth


You had 9 spell levels left.
You didn't know any spells.
Your spell library was empty.

Dungeon Overview and Level Annotations

Branches:
Dungeon (9/15)             Temple (0/1) D:5            Lair (0/5) D:9
  Sewer (visited)
    Orc: D:9-12

Altars:
Elyvilon
Gozag
Kikubaaqudgha
Nemelex Xobeh
Sif Muna
Trog
Uskayaw
Xom
Zin

Shops:
D:2 :   D:7 [?(


Innate Abilities, Weirdness & Mutations

You are immune to sickness and miasma.
Your stone body is resilient. (AC +7)
You are immune to poison.
You resist negative energy. (rN+)
You are resistant to electric shocks. (rElec)
You are resistant to unholy torment.
You are immune to petrification.


Message History

The skeletal warrior is lightly damaged.
The skeletal warrior hits you but does no damage.
You hit the skeletal warrior but do no damage.
Your punch misses the skeletal warrior.
The skeletal warrior is lightly damaged.
You hit the skeletal warrior but do no damage.
The skeletal warrior is lightly damaged.
The skeletal warrior hits you with a +0 scimitar!!
You closely miss the skeletal warrior.
The skeletal warrior is lightly damaged.
You barely miss the skeletal warrior.
The skeletal warrior is lightly damaged.
The skeletal warrior hits you but does no damage.
You slash the skeletal warrior! You freeze the skeletal warrior.
The skeletal warrior is moderately damaged.
You hit the skeletal warrior but do no damage.
The skeletal warrior is moderately damaged.
You barely miss the skeletal warrior.
The skeletal warrior is moderately damaged.
The skeletal warrior barely misses you.
You slash the skeletal warrior! You freeze the skeletal warrior.
The skeletal warrior is heavily damaged.
You hit the skeletal warrior.
The skeletal warrior is heavily damaged.
The skeletal warrior hits you but does no damage.
You hit the skeletal warrior. You freeze the skeletal warrior.
The skeletal warrior is severely damaged.
The skeletal warrior hits you with a +0 scimitar!
* * * LOW HITPOINT WARNING * * *
You slash the skeletal warrior! You freeze the skeletal warrior.
The skeletal warrior is severely damaged.
You hit the skeletal warrior.
The skeletal warrior is almost destroyed.
You are no longer berserk.
You are exhausted.
You feel yourself slow down. The skeletal warrior barely misses you.
Your skin crawls.
You feel strong-willed.
The skeletal warrior hits you with a +0 scimitar!!
You die...

##########################
.........................#
................@######.##
........####..>..z....#.#
........# #.##...#####.#
........# #.##.........#
........####.###..#######
...............#..#
...............#..#
...............#..#
####..............#


You could see a skeletal warrior.

Vanquished Creatures
  A two-headed ogre (D:7)
  A dancing weapon (D:7)
  The ghost of Xpym the Mimic, a novice MfSh of Uskayaw (D:7)
  A shadow (D:9)
  The ghost of MacCMillion the Ruffian, an amateur DrSh (D:4)
  Menkaure (D:7)
  2 water moccasins
  3 orc warriors
  2 black bears
  An ice beast (D:4)
  2 centaurs
  2 phantoms
  2 kobold brigands
  5 bullfrogs
  5 scorpions
  15 wights
  2 howler monkeys (D:7)
  An electric eel (D:7)
  7 crimson imps (D:8)
  An orc priest (D:2)
  6 hounds
  A jelly (D:4)
  2 iguanas (D:6)
  A sleepcap (D:8)
  7 orc wizards
  12 adders
  4 river rats (Sewer)
  5 white imps
  2 ufetubi
  3 worms
  4 dart slugs
  22 orcs
  12 ball pythons
  7 bats
  7 endoplasms
  6 giant cockroaches
  6 goblins
  8 hobgoblins
  10 jackals
  14 kobolds
  2 quokkas
  6 frilled lizards
  12 rats
215 creatures vanquished.

Vanquished Creatures (others)
  A quokka (D:5)
1 creature vanquished.

Grand Total: 216 creatures vanquished

Notes
Turn   | Place    | Note
-------+----------+-------------------------------------------
     0 | D:1      | Gargoyl the Gargoyle Berserker began the quest for the Orb.
     0 | D:1      | Reached XP level 1. HP: 14/14 MP: 1/1
   156 | D:1      | Reached XP level 2. HP: 19/19 MP: 2/2
   224 | D:1      | Reached skill level 3 in Axes
   587 | D:1      | Reached XP level 3. HP: 22/24 MP: 3/3
   974 | D:2      | Found Hiod's Book Emporium.
  1071 | D:2      | Reached ** piety under Trog
  1237 | D:2      | Reached XP level 4. HP: 27/29 MP: 4/4
  1242 | D:2      | Reached skill level 4 in Axes
  1328 | D:2      | Reached XP level 5. HP: 33/33 MP: 5/5
  1553 | D:3      | Found a shimmering altar of Xom.
  1830 | D:3      | Found a glowing drain.
  1843 | Sewer    | Entered a sewer
  2055 | Sewer    | Noticed a kobold brigand
  2064 | Sewer    | Killed a kobold brigand
  2065 | Sewer    | Reached XP level 6. HP: 39/39 MP: 6/6
  2111 | Sewer    | Reached *** piety under Trog
  2668 | D:3      | Found an ancient bone altar of Kikubaaqudgha.
  2793 | D:3      | Reached skill level 5 in Axes
  2873 | D:3      | Noticed a black bear
  2879 | D:3      | Killed a black bear
  2880 | D:3      | Reached XP level 7. HP: 44/44 MP: 7/7
  3164 | D:4      | Found a large runed translucent door.
  3164 | D:4      | Found a large runed translucent door.
  3165 | D:4      | Noticed MacCMillion's ghost (amateur DrSh)
  3213 | D:4      | Reached skill level 6 in Axes
  3482 | D:4      | Reached skill level 5 in Fighting
  3627 | D:4      | Found a glowing silver altar of Zin.
  3826 | D:4      | Reached XP level 8. HP: 38/49 MP: 8/8
  4129 | D:4      | Killed MacCMillion's ghost
  4130 | D:4      | Reached skill level 7 in Axes
  4130 | D:4      | Reached skill level 5 in Armour
  4161 | D:5      | Entered Level 5 of the Dungeon
  4337 | D:5      | Found a staircase to the Ecumenical Temple.
  4474 | D:5      | Found a white marble altar of Elyvilon.
  4527 | D:5      | Found an opulent altar of Gozag.
  4547 | D:5      | Reached **** piety under Trog
  4548 | D:5      | Reached skill level 1 in Stealth
  5087 | D:6      | Reached skill level 8 in Axes
  5106 | D:6      | Reached XP level 9. HP: 54/55 MP: 9/9
  5314 | D:6      | Found a sparkling altar of Nemelex Xobeh.
  6012 | D:7      | Found a runed translucent door.
  6013 | D:7      | Found a shimmering altar of Xom.
  6013 | D:7      | Noticed Xpym's ghost (novice MfSh)
  6013 | D:7      | Noticed a +1 whip of chaos
  6031 | D:7      | Killed a +1 whip of chaos
  6032 | D:7      | Reached skill level 9 in Axes
  6047 | D:7      | Killed Xpym's ghost
  6048 | D:7      | Reached skill level 10 in Axes
  6048 | D:7      | Reached XP level 10. HP: 39/63 MP: 10/10
  6141 | D:7      | Noticed a two-headed ogre
  6152 | D:7      | Killed a two-headed ogre
  6179 | D:7      | Found a shimmering blue altar of Sif Muna.
  6213 | D:7      | Found a bloodstained altar of Trog.
  6411 | D:7      | Found Siegfried's Dragon-Slaying Spoils.
  6762 | D:7      | Noticed Menkaure
  6771 | D:7      | Killed Menkaure
  6866 | D:7      | Found Viwuptue's Antique Weapon Shop.
  6995 | D:7      | Found Ceikh's Magic Scroll Shoppe.
  7000 | D:7      | Bought a scroll of teleportation for 42 gold pieces
  7000 | D:7      | Bought a scroll of enchant armour for 105 gold pieces
  7806 | D:8      | Found a hide-covered altar of Uskayaw.
  7965 | D:8      | Reached skill level 11 in Axes
  8304 | D:9      | Found a staircase to the Lair.
  8341 | D:9      | Noticed a skeletal warrior
  8415 | D:8      | Slain by a skeletal warrior

Illustrated notes

Levels and vault maps discovered:
D:1:      dpeg_arrival_leaves_temple_mockup, layout_basic, serial_curves,
          eino_curves_04, eino_curves_01, nrook_uturn, reono_crystal_passage
D:2:      layout_rooms, serial_shops, shop
D:3:      minmay_diamond_boxcup, layout_basic, mainiacjoe_overflow_boulevard,
          nicolae_overflow_crystal_walls, cheibrodos_sewer_entry_drain,
          serial_bayou_pond_e, minmay_misc_feat_alley
D:4:      layout_gridville, mainiacjoe_overflow_six_doors_small,
          ebering_ghost_disaster_area, grunt_ministairs_5, minmay_between
D:5:      layout_loops_ring, elyvilon_altar_4, grunt_gozag_statues,
          minmay_temple_entry_sparse_star, enter_ossuary_5
D:6:      layout_loops_ring, mainiacjoe_overflow_brackets
D:7:      layout_layer_cave, nzn_overflow_gifts_of_might_and_magic,
          ebering_ghost_xom, serial_shops, shop, nicolae_inconvenience_store,
          minmay_misc_feat_x, nicolae_shop_dragon_depot, uniq_menkaure
D:8:      layout_basic, mainiacjoe_overflow_catwalk, minmay_nine_imps
D:9:      layout_cross, slow_altar_2, lair_entry_dummy, serial_bayou,
          serial_bayou_pond_a, uniq_maggie

Skill      XL: |  1  2  3  4  5  6  7  8  9 10 |
---------------+-------------------------------+-----
Axes           | 3 4 5 6 8 10 11 | 11.1
Fighting       | 4 5 7 8 |  8.1
Dodging        | 2 3 |  3.0
Armour         | 3 4 5 7 8 |  8.7
Stealth        | 1 2 |  2.0

Action                     |  1- 3 |  4- 6 |  7- 9 | 10-12 || total
---------------------------+-------+-------+-------+-------++-------
  Melee: Hand axe          |   110 |   225 |   449 |   251 ||  1035
         Punch             |     1 |     1 |     6 |     3 ||    11
 Invoke: Berserk           |     1 |     2 |     5 |     4 ||    12
         Trog's Hand       |     1 |       |     1 |     2 ||     4
    Use: Scroll            |     5 |     2 |    12 |     1 ||    20
 Armour: Animal skin       |    16 |       |       |       ||    16
         Ring mail         |    43 |    19 |       |       ||    62
         Plate armour      |       |   142 |   288 |   138 ||   568
  Dodge: Dodged            |   110 |    97 |   163 |   120 ||   490

Table legend: (Time is in decaauts)
 A = Elapsed time spent in this place.
 B = Non-inter-level travel time spent in this place.
 C = Inter-level travel time spent in this place.
 D = Time resting spent in this place.
 E = Time spent auto-exploring this place.
 F = Levels seen in this place.
 G = Mean time per level.
                   A        B        C        D        E       F      G
               +--------+--------+--------+--------+--------+-----+--------+
         Total |   8602 |   8405 |    197 |    189 |   5949 |  10 |  860.2 |
       Dungeon |   7648 |   7451 |    197 |    189 |   5331 |   9 |  849.8 |
         Sewer |    954 |    954 |      0 |      0 |    617 |   1 |  954.0 |
               +--------+--------+--------+--------+--------+-----+--------+

Top non-repeatable levels by time:
     D:7: 1597 daAuts
     D:4: 1114 daAuts
   Sewer: 954 daAuts
     D:8: 922 daAuts
     D:3: 862 daAuts
     D:1: 845 daAuts
     D:6: 845 daAuts
     D:5: 789 daAuts
     D:2: 626 daAuts
     D:9: 43 daAuts
